Map: Odyssey LE

Players

IbRA

  • Race: Protoss Protoss
  • Spawn Location: 5:00

Seto - Winner!

  • Race: Zerg Zerg
  • League: Diamond
  • Spawn Location: 11:00

VOD

Have the link to the VOD?

Description

Time

  • Played on: Jan. 24, 2018, 3:28 p.m.
  • Length: 13:16
Show
View Real Time Build Order
Export as new Build Order

IbRA Protoss 

Build Orders: 1 Gate Expand, Oracle Opening, Phoenix Opening 

Get SALT Encoding   

  12  0:02  Probe  
  13  0:14  Probe  
  14  0:21  Pylon  
  14  0:26  Probe  
  15  0:39  Probe (Chrono Boost)  
  16  0:45  Gateway  
  16  0:52  Probe (Chrono Boost)  
  16  0:55  Assimilator  
  17  0:58  Probe (Chrono Boost)  
  18  1:06  Probe  
  19  1:25  Nexus  
  19  1:37  Cybernetics Core  
  19  1:43  Probe  
  20  1:50  Assimilator  
  20  1:57  Probe (Chrono Boost)  
  21  2:01  Pylon  
  21  2:08  Probe (Chrono Boost)  
  22  2:12  Probe (Chrono Boost)  
  23  2:19  Adept  
  25  2:23  Probe  
  25  2:25  Warp Gate  
  26  2:39  Probe x2 (Chrono Boost)  
  28  2:47  Stargate  
  28  2:49  Probe x2 (Chrono Boost)  
  28  2:51  Adept  
  32  2:54  Probe x2 (Chrono Boost)  
  34  3:05  Probe x2  
  35  3:16  Pylon  
  35  3:17  Stalker, Probe  
  38  3:21  Probe  
  39  3:28  Oracle (Chrono Boost)  
  42  3:36  Assimilator  
  42  3:41  Pylon  
  42  3:47  Probe (Chrono Boost)  
  44  3:52  Probe (Chrono Boost)  
  45  3:57  Probe (Chrono Boost)  
  45  3:58  Phoenix  
  45  4:00  Probe (Chrono Boost)  
  45  4:02  Probe (Chrono Boost)  
  48  4:05  Twilight Council  
  48  4:07  Gateway  
  48  4:09  Gateway  
  49  4:17  Probe x2  
  49  4:18  Assimilator  
  51  4:29  Probe x2  
  53  4:38  Oracle  
  56  4:41  Probe x2  
  58  4:46  Charge (Chrono Boost)  
  58  4:53  Probe  
  58  4:54  Pylon  
  58  4:57  Pylon  
  59  5:04  Adept  
  61  5:15  Oracle  
  64  5:22  Nexus  
  64  5:24  Pylon  
  64  5:30  Gateway x2  
  64  5:31  Gateway  
  64  5:34  Templar Archives  
  64  5:38  Pylon  
  64  5:43  Adept  
  66  5:52  Oracle  
  66  5:55  Gateway  
  66  5:56  Forge  
  69  5:58  Forge  
  67  6:11  Adept x3  
  67  6:29  Zealot, Oracle  
  67  6:30  Zealot x2  
  67  6:31  Psionic Storm  
  73  6:56  Zealot x2  
  77  7:08  Nexus  
  77  7:09  Pylon  
  77  7:13  Pylon  
  77  7:14  Protoss Ground Armor Level 1 (Chrono Boost), Protoss Ground Weapons Level 1 (Chrono Boost)  
  77  7:15  Forge  
  77  7:16  Assimilator  
  77  7:18  Fleet Beacon  
  77  7:20  Assimilator  
  77  7:27  Oracle  
  77  7:28  Pylon  
  80  7:30  Pylon  
  80  7:32  Pylon  
  66  8:02  High Templar x4  
  66  8:04  Zealot x3  
  79  8:09  Archon x2  
  79  8:18  Gateway x2  
  79  8:19  Gateway  
  75  8:25  Zealot x3  
  56  8:38  Zealot x3  
  56  8:39  Zealot  
  64  8:49  High Templar  
  64  8:50  High Templar x2  
  70  8:56  Nexus  
  70  8:58  Zealot x2  
  70  8:59  Zealot x2  
  76  9:10  Pylon  
  76  9:12  Probe x2  
  76  9:14  Pylon  
  78  9:19  High Templar x3  
  78  9:22  Zealot x5  
  78  9:24  Probe x2  
  96  9:25  Zealot x2  
  100  9:38  Oracle  
  103  9:43  Gateway  
  101  9:54  Zealot  
  101  9:59  High Templar  
  105  10:00  High Templar  
  105  10:01  Zealot x5  
  113  10:15  Zealot x3  
  116  10:24  Archon  
  116  10:25  Zealot x2  
  116  10:26  Zealot  
  91  10:31  Probe x2 (Chrono Boost)  
  91  10:32  Probe (Chrono Boost)  
  94  10:37  High Templar x3  
  94  10:41  Probe (Chrono Boost)  
  101  10:47  Zealot  
  101  10:48  Zealot x3  
  79  11:05  Archon x2  
  69  11:16  Zealot x8  
  83  11:27  Zealot  
  83  11:28  Zealot  
  87  11:39  High Templar x2  
  91  11:45  Probe x3  
  93  11:55  Zealot x5  
  93  11:57  Probe  
  78  12:22  Probe x3  
  71  12:29  High Templar x3  
  71  12:30  High Templar x2  
  71  12:34  Nexus, Probe x3  
  78  12:41  Pylon  
  78  12:46  Zealot x2  
  85  12:54  Probe x3  
  85  12:56  Zealot  
Show
View Real Time Build Order
Export as new Build Order

Seto Zerg - Winner!

Build Orders: Hatch First 

Get SALT Encoding   

  12  0:01  Drone  
  13  0:13  Overlord  
  13  0:18  Drone  
  14  0:31  Drone x2  
  16  0:36  Drone  
  17  0:53  Hatchery  
  16  0:57  Drone  
  16  1:00  Drone  
  16  1:03  Extractor  
  17  1:18  Spawning Pool  
  16  1:24  Drone x2  
  18  1:31  Drone  
  19  1:53  Hatchery  
  18  1:58  Drone  
  19  2:02  Overlord  
  19  2:08  Metabolic Boost  
  19  2:19  Queen  
  21  2:23  Zergling x2  
  21  2:26  Zergling x2  
  21  2:29  Zergling x2  
  24  2:33  Drone  
  25  2:37  Drone  
  27  2:44  Drone x2  
  27  2:47  Drone  
  29  2:53  Drone  
  30  2:59  Overlord  
  30  3:02  Drone x2  
  32  3:09  Queen  
  34  3:15  Drone x2  
  34  3:18  Drone  
  37  3:25  Drone x3  
  40  3:32  Lair  
  40  3:35  Drone x2  
  40  3:36  Drone  
  40  3:38  Drone  
  44  3:51  Extractor  
  44  3:53  Drone x2  
  44  3:54  Baneling Nest, Drone  
  45  4:05  Spore Crawler  
  45  4:07  Spore Crawler  
  45  4:09  Spore Crawler, Drone x2  
  44  4:10  Overlord  
  44  4:11  Overlord  
  44  4:19  Queen  
  44  4:21  Overlord  
  44  4:34  Drone  
  44  4:35  Drone x9  
  53  4:51  Drone  
  54  4:53  Drone x2  
  56  5:00  Drone x3  
  59  5:18  Hatchery  
  59  5:20  Extractor  
  56  5:21  Extractor  
  56  5:24  Hydralisk Den  
  56  5:26  Evolution Chamber, Zergling x14  
  56  5:27  Zergling x8  
  64  5:35  Drone x2  
  66  5:38  Overlord x4  
  65  5:51  Overlord  
  65  5:52  Overlord  
  65  5:54  Muscular Augments  
  65  5:55  Zerg Melee Weapons Level 1  
  65  5:57  Drone x3  
  65  5:58  Drone  
  65  5:59  Drone x2  
  69  6:22  Hydralisk  
  69  6:23  Hydralisk x9  
  88  6:31  Drone x3  
  91  6:39  Hydralisk x3  
  90  6:50  Drone  
  90  6:51  Drone x2  
  93  6:58  Drone x3  
  93  6:59  Drone x8  
  104  7:03  Zergling x2  
  104  7:04  Zergling x2  
  104  7:05  Queen  
  104  7:07  Spore Crawler  
  104  7:08  Spore Crawler  
  105  7:13  Overlord  
  105  7:14  Overlord  
  105  7:16  Overlord x3  
  105  7:21  Drone x3  
  108  7:24  Extractor x2  
  108  7:29  Evolution Chamber  
  105  7:30  Baneling x11  
  105  7:31  Baneling x4  
  99  7:48  Hydralisk x6  
  107  7:57  Queen  
  97  7:58  Drone  
  97  7:59  Drone x13  
  111  8:06  Hydralisk x2  
  111  8:09  Queen  
  111  8:12  Drone x4  
  121  8:23  Zergling x2  
  121  8:24  Zergling x10  
  99  8:49  Zergling x16  
  99  8:50  Zergling x14  
  99  8:53  Zerg Ground Armor Level 1  
  114  9:01  Zergling x2  
  115  9:03  Zergling x2  
  115  9:04  Zergling x4  
  118  9:15  Zerg Melee Weapons Level 2  
  118  9:18  Drone x3  
  118  9:19  Drone x2  
  118  9:20  Drone  
  118  9:21  Drone  
  118  9:22  Zergling x2  
  118  9:23  Zergling x20  
  136  9:28  Overlord  
  136  9:38  Hatchery, Centrifical Hooks  
  135  9:40  Overlord x4  
  135  9:57  Baneling x8  
  135  9:58  Baneling x11  
  135  9:59  Baneling  
  134  10:03  Drone  
  134  10:04  Drone  
  134  10:05  Drone  
  134  10:06  Overlord  
  137  10:07  Zergling x2  
  137  10:08  Zergling x18  
  147  10:16  Zergling x2  
  141  10:27  Zergling x8  
  101  10:29  Baneling x5  
  101  10:30  Baneling x4  
  101  10:31  Baneling x4, Zergling x2  
  101  10:32  Zergling x4  
  101  10:33  Baneling  
  101  10:34  Baneling x6  
  101  10:35  Baneling x2  
  102  10:39  Hydralisk  
  102  10:40  Hydralisk  
  106  10:43  Zergling x16  
  106  10:48  Zergling x2  
  106  10:49  Zergling x4  
  116  10:58  Zergling x2  
  116  10:59  Zergling x2  
  116  11:04  Zergling x6  
  104  11:08  Zergling x2  
  104  11:09  Zergling x18  
  103  11:19  Extractor, Zergling x2  
  103  11:20  Zergling x8  
  103  11:24  Zergling x6  
  104  11:26  Baneling  
  104  11:27  Baneling x2  
  104  11:28  Baneling x9  
  104  11:29  Zergling x2  
  105  11:33  Hydralisk x3  
  105  11:36  Baneling x12  
  105  11:37  Baneling x6  
  111  11:41  Drone x2  
  111  11:42  Drone  
  114  11:48  Zergling x2  
  114  11:49  Zergling x20  
  125  12:00  Infestation Pit  
  122  12:04  Zergling x6  
  122  12:05  Zergling x10  
  127  12:13  Zergling x2  
  127  12:14  Zergling x8  
  115  12:19  Zergling x2  
  115  12:20  Zergling x2  
  115  12:22  Zergling x8  
  118  12:28  Queen  
  119  12:33  Hydralisk  
  119  12:34  Hydralisk x10  
  141  12:37  Baneling  
  141  12:38  Baneling x10  
Tags
 
Add a new tag
Caveats
  • Supply blocks, unpowered buildings, or Contaminate may cause inaccurate times.
  • Supply counts are checked every 10 seconds.